SNL (28 & UNDER)
KEY WEST BARRACUDAS @ SALEM SILVER SOULS
08/17/2024
 
TOP OF THE 1ST
Key West Barracudas batting - Pitching for Salem Silver Souls : RHP Pat Wyatt
Pitching: RHP Pat Wyatt
Batting: RHB Victor Baker 0-0: Ground out 6-3 (Groundball, 6)
Batting: RHB Zander Tremblett 0-0: Called Strike
0-1: Ball
1-1: Ball
2-1: Called Strike
2-2: Foul Ball, location: 2F
2-2: Ball
3-2: Fly out, F9 (Flyball, 9LD)
Batting: RHB Kenny Cole 0-0: Ball
1-0: Foul Ball, location: 2F
1-1: Called Strike
1-2: Ground out 6-3 (Groundball, 6M)
Top of the 1st over - 0 run(s), 0 hit(s), 0 error(s), 0 left on base; Key West 0 - Salem 0
BOTTOM OF THE 1ST
Salem Silver Souls batting - Pitching for Key West Barracudas : LHP Luis Rodríguez
Pitching: LHP Luis Rodríguez
Batting: RHB Jesús Gutiérrez 0-0: Swinging Strike
0-1: Ball
1-1: Ball
2-1: Foul Ball, location: 2F
2-2: Ball
3-2: Base on Balls
Batting: LHB Bill Smith 0-0: Grounds into double play, 1-6-3 (Groundball, 25)
Batting: RHB Ron Edwards 0-0: Ball
1-0: Ball
2-0: Foul Ball, location: 2F
2-1: Foul Ball, location: 2F
2-2: Ground out 6-3 (Groundball, 6M)
Bottom of the 1st over - 0 run(s), 0 hit(s), 0 error(s), 0 left on base; Key West 0 - Salem 0
TOP OF THE 2ND
Key West Barracudas batting - Pitching for Salem Silver Souls : RHP Pat Wyatt
Batting: LHB Arturo López 0-0: Foul Ball, location: 2F
0-1: Ball
1-1: Ball
2-1: Ball
3-1: Foul Ball, location: 2F
3-2: Foul Ball, location: 2F
3-2: DOUBLE (Flyball, 8LD)
Batting: RHB Luther Stoffels 0-0: Ball
1-0: Ball
2-0: Foul Ball, location: 2F
2-1: Swinging Strike
2-2: Foul Ball, location: 2F
2-2: Strikes out swinging
Batting: LHB Víctor Acevedo 0-0: SINGLE (Line Drive, 6MD)
Arturo López to third
Runner from 3rd tries for Home, SAFE, throw made home
Batting: RHB Carlos Miranda 0-0: Ball
1-0: Called Strike
1-1: Ball
2-1: Swinging Strike
2-2: Strikes out looking
Batting: SHB Héctor Jiménez 0-0: Called Strike
0-1: Ball
1-1: Fly out, F8 (Flyball, 8LD)
Top of the 2nd over - 1 run(s), 2 hit(s), 0 error(s), 1 left on base; Key West 1 - Salem 0
BOTTOM OF THE 2ND
Salem Silver Souls batting - Pitching for Key West Barracudas : LHP Luis Rodríguez
Batting: SHB Todd Smith 0-0: Called Strike
0-1: Fly out, F9 (Flyball, 9M)
Batting: LHB Jeff Doss 0-0: Called Strike
0-1: Foul Ball, location: 2F
0-2: Fly out, F4 (Popup, 34)
Batting: LHB Raúl Cordero 0-0: Ball
1-0: Ball
2-0: Ball
3-0: Base on Balls
Batting: LHB Millard Dye 0-0: Called Strike
0-1: Ball
Wild Pitch!
Raúl Cordero to second
1-1: Foul Ball, location: 2F
1-2: Fly out, F1 (Line Drive, 15S)
Bottom of the 2nd over - 0 run(s), 0 hit(s), 0 error(s), 1 left on base; Key West 1 - Salem 0
TOP OF THE 3RD
Key West Barracudas batting - Pitching for Salem Silver Souls : RHP Pat Wyatt
Batting: RHB Ramiro Gámez 0-0: Ground out 6-3 (Groundball, 6M)
Batting: RHB Victor Baker 0-0: Ground out 6-3 (Groundball, 6)
Batting: RHB Zander Tremblett 0-0: Called Strike
0-1: Ball
1-1: Ball
2-1: Ball
3-1: Foul Ball, location: 2F
3-2: Base on Balls
Batting: RHB Kenny Cole 0-0: Called Strike
0-1: Ball
1-1: Ball
2-1: Fly out, F7 (Line Drive, 7S)
Top of the 3rd over - 0 run(s), 0 hit(s), 0 error(s), 1 left on base; Key West 1 - Salem 0
BOTTOM OF THE 3RD
Salem Silver Souls batting - Pitching for Key West Barracudas : LHP Luis Rodríguez
Batting: RHB Jack Snyder 0-0: Called Strike
0-1: Swinging Strike
0-2: Ball
1-2: Ball
2-2: Foul Ball, location: 2F
2-2: Ball
3-2: Fly out, F9 (Flyball, 9S)
Batting: SHB Francis Shaffer 0-0: Ball
1-0: Ball
2-0: Ball
3-0: Called Strike
3-1: Base on Balls
Batting: RHB Jesús Gutiérrez 0-0: DOUBLE (Line Drive, 7LM)
Francis Shaffer to third
Batting: LHB Bill Smith 0-0: Ball
1-0: Ball
2-0: Ball
3-0: Called Strike
3-1: Called Strike
3-2: Ground out 4-3 (Groundball, 4)
Francis Shaffer scores
Jesús Gutiérrez to third
Batting: RHB Ron Edwards 0-0: Ball
1-0: DOUBLE (Flyball, 78D)
Jesús Gutiérrez scores
Batting: SHB Todd Smith 0-0: Ball
1-0: Called Strike
1-1: Ball
Wild Pitch!
Ron Edwards to third
2-1: Foul Ball, location: 2F
2-2: Foul Ball, location: 2F
2-2: Foul Ball, location: 2F
2-2: Ball
3-2: Base on Balls
Batting: LHB Jeff Doss 0-0: Foul Ball, location: 2F
0-1: Fly out, F2 (Popup, 2RF)
Bottom of the 3rd over - 2 run(s), 2 hit(s), 0 error(s), 2 left on base; Key West 1 - Salem 2
TOP OF THE 4TH
Key West Barracudas batting - Pitching for Salem Silver Souls : RHP Pat Wyatt
Batting: LHB Arturo López 0-0: Called Strike
0-1: Called Strike
0-2: Foul Ball, location: 2F
0-2: Ball
1-2: SINGLE (Groundball, 6MD)
Batting: RHB Luther Stoffels 0-0: 2-RUN HOME RUN (Flyball, 7D), Distance : 395 ft
Batting: LHB Víctor Acevedo 0-0: Reached on error, E3 (Groundball, 34)
Batting: RHB Carlos Miranda 0-0: Called Strike
0-1: Called Strike
0-2: Strikes out swinging
Batting: SHB Héctor Jiménez 0-0: Ball
1-0: Fly out, F9 (Flyball, 89M)
Batting: RHB Ramiro Gámez 0-0: Foul Ball, location: 2F
0-1: Swinging Strike
0-2: Foul Ball, location: 2F
0-2: Ball
1-2: Ground out 4-3 (Groundball, 6M)
Top of the 4th over - 2 run(s), 2 hit(s), 1 error(s), 1 left on base; Key West 3 - Salem 2
BOTTOM OF THE 4TH
Salem Silver Souls batting - Pitching for Key West Barracudas : LHP Luis Rodríguez
Batting: LHB Raúl Cordero 0-0: Called Strike
0-1: Ball
1-1: Foul Ball, location: 2F
1-2: Ball
2-2: Foul Ball, location: 2F
2-2: Ball
3-2: Base on Balls
Batting: LHB Millard Dye 0-0: Called Strike
0-1: Fly out, F6 (Line Drive, 6)
Batting: RHB Jack Snyder 0-0: Ball
1-0: SINGLE (Flyball, 7S)
Raúl Cordero to second
Batting: SHB Francis Shaffer 0-0: Ball
1-0: Swinging Strike
1-1: Called Strike
1-2: Ball
2-2: Strikes out looking
Batting: RHB Jesús Gutiérrez 0-0: Ball
1-0: Ball
2-0: Called Strike
2-1: Ball
3-1: Base on Balls
Raúl Cordero to third
Jack Snyder to second
Batting: LHB Bill Smith 0-0: Foul Ball, location: 2F
0-1: Foul Ball, location: 2F
0-2: Ground out 1-3 (Groundball, 3S)
Bottom of the 4th over - 0 run(s), 1 hit(s), 0 error(s), 3 left on base; Key West 3 - Salem 2
TOP OF THE 5TH
Key West Barracudas batting - Pitching for Salem Silver Souls : RHP Pat Wyatt
Batting: RHB Victor Baker 0-0: Called Strike
0-1: Called Strike
0-2: Ball
1-2: Strikes out swinging
Batting: RHB Zander Tremblett 0-0: Foul Ball, location: 2F
0-1: Swinging Strike
0-2: Ball
1-2: Ball
2-2: Ball
3-2: Ground out U3 (Groundball, 3S)
Batting: RHB Kenny Cole 0-0: Called Strike
0-1: Foul Ball, location: 2F
0-2: Foul Ball, location: 2F
0-2: Ball
1-2: Strikes out swinging, 2-3 out at first.
Top of the 5th over - 0 run(s), 0 hit(s), 0 error(s), 0 left on base; Key West 3 - Salem 2
BOTTOM OF THE 5TH
Salem Silver Souls batting - Pitching for Key West Barracudas : LHP Luis Rodríguez
Batting: RHB Ron Edwards Single, Error in OF, E8, batter to second base
Batting: SHB Todd Smith 0-0: Called Strike
0-1: Ball
1-1: Foul Ball, location: 2F
1-2: Ground out 6-3 (Groundball, 6)
Ron Edwards to third
Batting: LHB Jeff Doss 0-0: Called Strike
0-1: Ball
1-1: Ball
2-1: Foul Ball, location: 2F
2-2: Foul Ball, location: 2F
2-2: Foul Ball, location: 2F
2-2: Strikes out swinging
Batting: LHB Raúl Cordero 0-0: Foul Ball, location: 2F
0-1: Fly out, F9 (Flyball, 9S)
Bottom of the 5th over - 0 run(s), 1 hit(s), 1 error(s), 1 left on base; Key West 3 - Salem 2
TOP OF THE 6TH
Key West Barracudas batting - Pitching for Salem Silver Souls : RHP Pat Wyatt
Batting: LHB Arturo López 0-0: Ball
1-0: Ball
2-0: Called Strike
2-1: Ball
3-1: Called Strike
3-2: Base on Balls
Batting: RHB Luther Stoffels 0-0: Called Strike
0-1: Fly out, F9 (Flyball, 89D)
Batting: LHB Víctor Acevedo 0-0: Foul Ball, location: 2F
0-1: Ball
1-1: Foul Ball, location: 2F
1-2: Foul Ball, location: 2F
1-2: Strikes out looking
Batting: RHB Carlos Miranda 0-0: Ball
1-0: Foul Ball, location: 2F
1-1: Foul Ball, location: 2F
1-2: SINGLE (Flyball, 4MD)
Arturo López to second
Pitching: RHP Dave Woods
Batting: SHB Héctor Jiménez 0-0: Ball
1-0: Ground out 4-3 (Groundball, 4)
Top of the 6th over - 0 run(s), 1 hit(s), 0 error(s), 2 left on base; Key West 3 - Salem 2
BOTTOM OF THE 6TH
Salem Silver Souls batting - Pitching for Key West Barracudas : LHP Luis Rodríguez
Batting: LHB Millard Dye 0-0: SINGLE (Line Drive, 4D)
Pitching: RHP Sean Harden
Batting: RHB Jack Snyder 0-0: Called Strike
0-1: Called Strike
0-2: Ball
1-2: Strikes out looking
Batting: SHB Francis Shaffer 0-0: Ball
1-0: Ball
2-0: Ball
3-0: Called Strike
3-1: 2-RUN HOME RUN (Flyball, 9D), Distance : 388 ft
Batting: RHB Jesús Gutiérrez 0-0: Swinging Strike
0-1: Swinging Strike
0-2: SINGLE (Groundball, 4M) (infield hit)
Batting: LHB Bill Smith 0-0: SINGLE (Line Drive, 9LS)
Jesús Gutiérrez to second
Batting: RHB Ron Edwards 0-0: Ball
1-0: Ball
2-0: Fly out, F9 (Line Drive, 89M)
Now in RF: Domingo Ledesma
Batting: SHB Todd Smith 0-0: Foul Ball, location: 2F
0-1: Foul Ball, location: 2F
0-2: Foul Ball, location: 2F
0-2: TRIPLE (Flyball, 8RXD)
Jesús Gutiérrez scores
Bill Smith scores
Pitching: LHP Rubén Rojas
Batting: RHB David Kerr 0-0: Swinging Strike
0-1: Swinging Strike
0-2: Ball
1-2: Foul Ball, location: 2F
1-2: Ball
2-2: Strikes out looking
Bottom of the 6th over - 4 run(s), 5 hit(s), 0 error(s), 1 left on base; Key West 3 - Salem 6
TOP OF THE 7TH
Key West Barracudas batting - Pitching for Salem Silver Souls : RHP Dave Woods
Now at 2B: David Kerr
Batting: RHB Ramiro Gámez 0-0: SINGLE (Line Drive, 7LS)
Batting: RHB Victor Baker 0-0: Called Strike
0-1: Fielders Choice at 2nd, U6 (Groundball, 6M)
Batting: RHB Zander Tremblett 0-0: Called Strike
0-1: Ball
1-1: Foul Ball, location: 2F
1-2: Foul Ball, location: 2F
1-2: SINGLE (Flyball, 3D)
Victor Baker to second
Runner from 2nd tries for 3rd, SAFE, no throw or cutoff
Batting: RHB Kenny Cole 0-0: Called Strike
0-1: Ball
1-1: Ball
2-1: Swinging Strike
2-2: Strikes out swinging
Batting: LHB Arturo López 0-0: Ball
1-0: Fly out, F8 (Flyball, 8RD)
Top of the 7th over - 0 run(s), 2 hit(s), 0 error(s), 2 left on base; Key West 3 - Salem 6
BOTTOM OF THE 7TH
Salem Silver Souls batting - Pitching for Key West Barracudas : LHP Rubén Rojas
Batting: LHB Raúl Cordero 0-0: Ball
1-0: Foul Ball, location: 2F
1-1: Called Strike
1-2: Strikes out swinging
Batting: LHB Millard Dye 0-0: Foul Ball, location: 2F
0-1: Ball
1-1: Ball
2-1: Called Strike
2-2: Foul Ball, location: 2F
2-2: Strikes out looking
Batting: RHB Jack Snyder 0-0: Ball
1-0: Ball
2-0: Foul Ball, location: 2F
2-1: Swinging Strike
2-2: Foul Ball, location: 2F
2-2: Ball
3-2: Fly out, F1 (Line Drive, 13)
Bottom of the 7th over - 0 run(s), 0 hit(s), 0 error(s), 0 left on base; Key West 3 - Salem 6
TOP OF THE 8TH
Key West Barracudas batting - Pitching for Salem Silver Souls : RHP Dave Woods
Batting: RHB Luther Stoffels 0-0: Foul Ball, location: 2F
0-1: Ball
1-1: SINGLE (Flyball, 9LM)
Batting: LHB Domingo Ledesma 0-0: Ball
1-0: Ball
2-0: Grounds into double play, 3-6-4 (Groundball, 34)
Batting: RHB Carlos Miranda 0-0: Foul Ball, location: 2F
0-1: Foul Ball, location: 2F
0-2: Ground out 5-3 (Groundball, 5L)
Top of the 8th over - 0 run(s), 1 hit(s), 0 error(s), 0 left on base; Key West 3 - Salem 6
BOTTOM OF THE 8TH
Salem Silver Souls batting - Pitching for Key West Barracudas : LHP Rubén Rojas
Batting: SHB Francis Shaffer 0-0: Called Strike
0-1: Ground out 1-3 (Groundball, 13S)
Batting: RHB Jesús Gutiérrez 0-0: Ground out 6-3 (Groundball, 6)
Batting: LHB Bill Smith 0-0: Ball
1-0: Fly out, F7 (Flyball, 7M)
Bottom of the 8th over - 0 run(s), 0 hit(s), 0 error(s), 0 left on base; Key West 3 - Salem 6
TOP OF THE 9TH
Key West Barracudas batting - Pitching for Salem Silver Souls : RHP Dave Woods
Batting: SHB Héctor Jiménez 0-0: Foul Ball, location: 2F
0-1: Ball
1-1: SINGLE (Groundball, 4MD)
Batting: RHB Ramiro Gámez 0-0: Ball
1-0: DOUBLE (Line Drive, 56D)
Héctor Jiménez to third
Pinch Hitting: LHB Jake Wells 0-0: SINGLE (Line Drive, 56)
Héctor Jiménez scores
Ramiro Gámez to third
Batting: RHB Zander Tremblett 0-0: Ball
1-0: Called Strike
1-1: Ball
Single, Error in OF, E8, batter to second base
Ramiro Gámez scores
Jake Wells to third
Batting: RHB Kenny Cole 0-0: Called Strike
0-1: Fly out, F5 (Line Drive, 56)
Batting: LHB Arturo López 0-0: DOUBLE (Groundball, 3L)
Jake Wells scores
Zander Tremblett scores
Batting: RHB Luther Stoffels 0-0: Intentional Walk
Pitching: LHP Pat Candelária
Pinch Hitting: RHB Dan Craft 0-0: Called Strike
0-1: Ball
1-1: Foul Ball, location: 2F
1-2: Ball
2-2: Foul Ball, location: 2F
2-2: Strikes out looking
Pinch Hitting: RHB Frederick Chamberlain 0-0: Swinging Strike
0-1: Swinging Strike
0-2: Ball
1-2: Strikes out looking
Top of the 9th over - 4 run(s), 5 hit(s), 1 error(s), 2 left on base; Key West 7 - Salem 6
BOTTOM OF THE 9TH
Salem Silver Souls batting - Pitching for Key West Barracudas : LHP Rubén Rojas
Pitching: LHP Connor Bond
Now at 2B: Richard Sanders
Now at SS: Rodney Birling
Now in CF: Jake Wells
Now in RF: Dan Craft
Pinch Hitting: RHB Lonson Seals 0-0: Ball
1-0: SINGLE (Groundball, 4MD)
Batting: SHB Todd Smith 0-0: Ball
1-0: Ball
2-0: Called Strike
2-1: Fly out, F9 (Flyball, 89M)
Pinch Hitting: RHB Juan López 0-0: Called Strike
0-1: Ball
1-1: DOUBLE (Line Drive, 78D)
Lonson Seals to third
Batting: LHB Raúl Cordero 0-0: Ball
1-0: Called Strike
1-1: Called Strike
1-2: Ball
2-2: Ball
3-2: Fly out, F8 (Flyball, 8LD)
Runner from 3rd tags up, SCORES, no throw
Batting: LHB Millard Dye 0-0: Foul Ball, location: 2F
Single, Error in OF, E8, batter to second base
Juan López scores
This league is powered by Out of the Park Baseball, the baseball management simulation game for PC, Mac and Linux
Saturday, April 9th, 2016 - OOTP Baseball 16.8 Build 38